Map: Deathaura LE

Players

PtitDrogo - Winner!

  • Race: Protoss Protoss
  • Spawn Location: 5:00

SouLeer

  • Race: Zerg Zerg
  • League: Grandmaster
  • Spawn Location: 11:00

Event: DreamHack SC2 Masters 2020 Winter

VOD

Have the link to the VOD?

Description

Time

  • Played on: Oct. 31, 2020, 1:59 p.m.
  • Length: 4:25

All games in this series

Show
View Real Time Build Order
Export as new Build Order

PtitDrogo Protoss - Winner!

Build Orders:  

Get SALT Encoding   

  12  0:00  Probe  
  13  0:12  Probe  
  14  0:18  Pylon  
  14  0:24  Probe (Chrono Boost)  
  15  0:36  Probe (Chrono Boost)  
  15  0:37  Gateway  
  16  0:45  Probe (Chrono Boost)  
  16  0:46  Assimilator  
  17  0:51  Probe  
  18  1:03  Probe  
  19  1:12  Pylon  
  19  1:15  Probe  
  20  1:25  Zealot (Chrono Boost)  
  20  1:26  Cybernetics Core  
  22  1:33  Gateway  
  22  1:42  Pylon  
  22  1:44  Zealot (Chrono Boost)  
  24  2:05  Pylon  
  24  2:08  Adept (Chrono Boost)  
  22  2:10  Warp Gate  
  24  2:21  Adept (Chrono Boost)  
  26  2:30  Probe  
  26  2:31  Adept  
  29  2:40  Nexus  
  29  2:49  Probe  
  30  2:56  Adept  
  32  3:00  Assimilator  
  32  3:01  Probe  
  32  3:05  Adept  
  35  3:10  Pylon  
  34  3:22  Probe  
  35  3:29  Pylon  
  35  3:31  Sentry  
  37  3:34  Probe (Chrono Boost)  
  37  3:36  Robotics Facility  
  38  3:46  Probe (Chrono Boost)  
  39  3:50  Probe (Chrono Boost)  
  39  3:54  Probe  
  41  4:01  Probe  
  42  4:06  Probe (Chrono Boost), Sentry  
  42  4:07  Adept  
  47  4:11  Shield Battery  
  48  4:17  Probe (Chrono Boost)  
Show
View Real Time Build Order
Export as new Build Order

SouLeer Zerg 

Build Orders: Pool First 

Get SALT Encoding   

  12  0:17  Spawning Pool  
  11  0:21  Drone  
  11  0:26  Drone  
  13  0:30  Drone  
  14  0:40  Overlord  
  14  1:03  Zergling x4  
  16  1:06  Zergling x2  
  17  1:16  Zergling x2  
  18  1:24  Hatchery  
  17  1:26  Zergling x2  
  18  1:38  Zergling x2  
  19  1:47  Zergling x2  
  19  1:52  Hatchery  
  21  1:59  Zergling x2  
  20  2:10  Zergling x2  
  20  2:22  Overlord  
  20  2:25  Queen  
  20  2:26  Hatchery  
  21  2:33  Drone  
  20  2:42  Drone  
  20  2:44  Extractor  
  19  2:54  Drone  
  20  3:01  Queen  
  20  3:04  Zergling x2  
  23  3:13  Zergling x2  
  24  3:25  Zergling x2  
  25  3:29  Baneling Nest  
  25  3:33  Zergling x6  
  27  3:38  Zergling x2  
  27  3:39  Zergling x2  
  29  3:48  Zergling x2  
  30  3:52  Zergling x2  
  31  4:00  Zergling x4  
  32  4:06  Zergling x6  
Tags
 
Add a new tag
Caveats
  • Supply blocks, unpowered buildings, or Contaminate may cause inaccurate times.
  • Supply counts are checked every 10 seconds.